 Dungeon Crawl Stone Soup version 0.23.0-3-gf3c87f2 (webtiles) character file.

Game seed: 512282302466726821

12434 Kairos the Cleaver (level 11, -3/58 HPs)
             Began as a Vine Stalker Fighter on Feb 22, 2019.
             Was a High Priest of Okawaru.
             Slain by a manticore (12 damage)
             ... on level 12 of the Dungeon.
             The game lasted 00:17:32 (7122 turns).

Kairos the Cleaver (Vine Stalker Fighter)           Turns: 7122, Time: 00:17:33

Health: -3/58      AC: 17    Str: 22    XL:     11   Next: 93%
Magic:  0/13       EV: 11    Int:  8    God:    Okawaru [*****.]
Gold:   593        SH: 11    Dex: 14    Spells: 8/10 levels left

rFire    + . .     SeeInvis +   s - +7 hand axe of Exchange {chop, rF+}
rCold    + . .     Gourm    .   c - +0 shield
rNeg     . . .     Faith    .   j - +4 scale mail {rC+}
rPois    .         Spirit   +   K - +1 helmet {SInv}
rElec    .         Reflect  .   P - scarf {cloud immunity}
rCorr    +         Harm     +   (no gloves)
MR       +....                  H - +2 pair of boots
Stlth    ..........             q - amulet of harm
HPRegen  0.59/turn              i - ring of resist corrosion
MPRegen  0.13/turn              (no ring)

@: barbed spikes
A: fangs 3, regeneration 1, magic shield, antimagic bite, no potion heal 3, rot
immunity
a: Heroism, Finesse, Renounce Religion


You were on level 12 of the Dungeon.
You worshipped Okawaru.
Okawaru was extremely pleased with you.
You were hungry.

You visited 1 branch of the dungeon, and saw 11 of its levels.

You collected 593 gold pieces.

Inventory:

Hand Weapons
 a - a +0 war axe
 s - the +7 hand axe of Exchange (weapon) {chop, rF+}
   (You took it off an orc on level 9 of the Dungeon)

   It inflicts extra damage upon your enemies.
   It protects you from fire.
 u - a +0 trident of freezing
 J - a +1 whip of electrocution
Missiles
 b - 2 steel tomahawks (quivered)
 r - 2 tomahawks
 O - 5 javelins of penetration
Armour
 c - a +0 shield (worn)
 j - a +4 scale mail of cold resistance (worn)
 H - a +2 pair of boots (worn)
 K - a +1 helmet of see invisible (worn)
 P - a scarf of cloud immunity (worn)
Jewellery
 i - a ring of resist corrosion (left hand)
 o - an uncursed ring of protection from magic
 q - an amulet of harm (around neck)
 z - an uncursed ring of flight
Wands
 t - a wand of flame (29)
 C - a wand of disintegration (7)
 F - a wand of digging (9)
 N - a wand of iceblast (11)
Scrolls
 e - 3 scrolls of remove curse
 g - 7 scrolls of teleportation
 p - 2 scrolls of immolation
 v - 3 scrolls of enchant weapon
 x - 2 scrolls of blinking
 y - 4 scrolls of amnesia
 A - a scroll of fog
 D - a scroll of identify
 E - a scroll of magic mapping
 G - a scroll of vulnerability {unknown}
 L - a scroll of enchant armour
Potions
 d - a potion of might
 h - 2 potions of cancellation
 k - 2 potions of lignification
 m - 5 potions of flight
 n - 3 potions of curing
 w - 4 potions of brilliance {unknown}
 B - a potion of ambrosia {unknown}
 I - a potion of heal wounds {unknown}
 M - a potion of agility {unknown}
 Q - a potion of invisibility {unknown}
Comestibles
 f - 23 rations
 l - 3 chunks of flesh


   Skills:
 + Level 6.7 Fighting
 + Level 11.1 Axes
 + Level 0.8(7.1) Maces & Flails
 + Level 6.7 Armour
 + Level 4.2 Dodging
 + Level 1.0 Stealth
 + Level 8.2 Shields
 + Level 1.8 Invocations
 + Level 0.1 Evocations


You had 8 spell levels left.
You knew the following spells:

 Your Spells              Type           Power        Failure   Level  Hunger
a - Slow                  Hex            #.......     98%         2    ###....

Your spell library contained the following spells:

 Spells                   Type           Power        Failure   Level  Hunger
 Flame Tongue             Conj/Fire      #....        94%         1    ##.....
 Magic Dart               Conj           #...         94%         1    ##.....
 Blink                    Tloc           N/A          98%         2    ###....
 Call Imp                 Summ           #.......     98%         2    ###....
 Searing Ray              Conj           #.....       98%         2    ###....
 Throw Flame              Conj/Fire      #.....       98%         2    ###....
 Conjure Flame            Conj/Fire      #.......     100%        3    ####...
 Dazzling Spray           Conj/Hex       #.....       100%        3    ####...
 Inner Flame              Hex/Fire       #.......     100%        3    ####...
 Mephitic Cloud           Conj/Pois/Air  #.......     100%        3    ####...
 Force Lance              Conj/Tloc      #.......     100%        4    #####..
 Fulminant Prism          Conj/Hex       #.........   100%        4    #####..
 Iskenderun's Mystic Bla  Conj           #.......     100%        4    #####..
 Sticky Flame             Conj/Fire      #.......     100%        4    #####..
 Bolt of Magma            Conj/Fire/Erth #.........   100%        5    ######.
 Fireball                 Conj/Fire      #.........   100%        5    ######.
 Iskenderun's Battlesphe  Conj/Chrm      #.......     100%        5    ######.
 Venom Bolt               Conj/Pois      #.........   100%        5    ######.
 Iron Shot                Conj/Erth      #.........   100%        6    #######
 Orb of Destruction       Conj           #.........   100%        7    #######
 Spellforged Servitor     Conj/Summ      #.........   100%        7    #######


Dungeon Overview and Level Annotations

Branches:
Dungeon (11/15)            Temple (0/1) D:6             Orc (0/2) D:11
   Lair: D:8-11

Altars:
Dithmenos
Elyvilon
Okawaru
Ru
Sif Muna
Zin

Shops:
D:5 (   D:11 %


Innate Abilities, Weirdness & Mutations

You have razor-sharp teeth.
Your natural rate of healing is unusually fast.
When hurt, damage is shared between your health and your magic reserves.
Your bite disrupts and absorbs the magic of your enemies.
Potions cannot restore your health.
You are immune to rotting.


Message History

The barbs in your skin will harm you if you move.
Continue? [Y]es or [N]o only, please.
The barbs in your skin will harm you if you move.
Continue? [Y]es or [N]o only, please.
The barbs in your skin will harm you if you move.
Continue? [Y]es or [N]o only, please.
The barbs in your skin will harm you if you move.
Continue?
Okay, then.
The manticore bites you. The manticore claws you! x2
You are too injured to fight recklessly!
You are too injured to fight recklessly!
Unknown command.
You are too injured to fight recklessly!
You block the manticore's attack. The manticore claws you.
The manticore claws you!
* * * LOW HITPOINT WARNING * * *
You slash the manticore!
The manticore is moderately wounded.
The manticore bites you!
You die...

..........##
##.#.##..######
.##.)...........
.........#####.#
.####.##.# #.# ... #.#
#.# ### #.# #.#
###.#####.##.#
#........@H..#
#.#####.#.#.##..$##...#
#.....†.....##.#..... #
#..####.#.#.##...##...
#.....###### .#
.....### # ........
#########


You could see a manticore.

Vanquished Creatures
  A hydra (D:12)
  2 two-headed ogres
  Urug (D:11)
  Pikel (D:8)
  A manticore (D:11)
  2 ugly things (D:12)
  4 trolls
  2 hornets
  Grinder (D:5)
  Prince Ribbit (D:7)
  3 hippogriffs
  4 yaks
  A spriggan (D:7)
  2 hungry ghosts
  A steam dragon (D:9)
  Duvessa (D:4)
  A slave (D:8)
  4 orc warriors
  An ice beast (D:6)
  6 ogres
  A phantom (D:6)
  3 sky beasts
  4 centaurs
  A big kobold (D:6)
  9 bullfrogs
  Dowan (D:4)
  A water moccasin skeleton (D:6)
  19 killer bees
  4 wights (D:6)
  5 crimson imps
  2 bullfrog zombies
  3 jellies
  4 orc priests
  Crazy Yiuf (D:2)
  3 hounds
  A quasit (D:7)
  11 orc wizards
  A bullfrog skeleton (D:6)
  Jessica (D:2)
  Ijyb (D:5)
  Terence (D:2)
  2 iguanas
  3 worker ants
  A worker ant zombie (D:5)
  A howler monkey skeleton (D:2)
  17 adders
  17 gnolls
  A shadow imp (D:6)
  2 oozes (D:2)
  2 adder zombies
  An adder skeleton (D:4)
  4 worms
  3 dart slugs
  2 leopard geckos
  46 orcs
  3 ball pythons
  4 giant cockroaches
  12 goblins
  3 hobgoblins (D:3)
  15 jackals
  10 kobolds
  5 quokkas
  5 bats
  7 frilled lizards
  4 rats
287 creatures vanquished.

Vanquished Creatures (others)
  A slave (D:8)
  An adder zombie (D:9)
2 creatures vanquished.

Grand Total: 289 creatures vanquished

Notes
Turn   | Place    | Note
-------+----------+-------------------------------------------
     0 | D:1      | Kairos the Vine Stalker Fighter began the quest for the
                  | Orb.
     0 | D:1      | Reached XP level 1. HP: 11/11 MP: 2/2
   100 | D:1      | Reached XP level 2. HP: 12/16 MP: 3/3
   514 | D:1      | Reached skill level 2 in Axes
   514 | D:1      | Reached XP level 3. HP: 20/20 MP: 4/4
   671 | D:2      | Noticed Terence
   735 | D:2      | Killed Terence
   735 | D:2      | Gained mutation: Your natural rate of healing is unusually
                  | fast. [Vine Stalker growth]
   735 | D:2      | Reached XP level 4. HP: 15/24 MP: 5/5
   891 | D:2      | Reached skill level 3 in Axes
   962 | D:2      | Reached XP level 5. HP: 28/28 MP: 6/6
  1425 | D:2      | Noticed Jessica
  1431 | D:2      | Killed Jessica
  1442 | D:2      | Found a runed translucent door.
  1443 | D:2      | Noticed Crazy Yiuf
  1452 | D:2      | Killed Crazy Yiuf
  1526 | D:3      | Reached XP level 6. HP: 29/32 MP: 5/7
  1545 | D:3      | Reached skill level 4 in Axes
  2039 | D:3      | Reached XP level 7. HP: 36/36 MP: 8/8
  2553 | D:4      | Noticed Duvessa
  2566 | D:4      | Noticed Dowan
  2578 | D:4      | Killed Duvessa
  2578 | D:4      | Reached skill level 5 in Axes
  2578 | D:4      | Reached skill level 1 in Dodging
  2585 | D:4      | Killed Dowan
  2628 | D:4      | Learned a level 2 spell: Slow
  2679 | D:4      | Found an iron altar of Okawaru.
  2688 | D:4      | Became a worshipper of Warmaster Okawaru
  2837 | D:5      | Entered Level 5 of the Dungeon
  3148 | D:5      | Noticed Grinder
  3160 | D:5      | Killed Grinder
  3160 | D:5      | Reached * piety under Okawaru
  3160 | D:5      | Reached skill level 6 in Axes
  3160 | D:5      | Gained mutation: You have razor-sharp teeth. [Vine Stalker
                  | growth]
  3160 | D:5      | Reached XP level 8. HP: 27/42 MP: 5/9
  3172 | D:5      | Noticed Ijyb
  3191 | D:5      | Killed Ijyb
  3489 | D:5      | Found Notois's Antique Weapon Emporium.
  3755 | D:6      | Reached skill level 5 in Shields
  3924 | D:6      | You fall through a shaft for 2 floors!
  3945 | D:8      | Reached ** piety under Okawaru
  3958 | D:8      | Reached skill level 7 in Axes
  3958 | D:8      | Reached XP level 9. HP: 14/46 MP: 3/10
  4015 | D:8      | Noticed Pikel
  4076 | D:6      | Found a staircase to the Ecumenical Temple.
  4116 | D:6      | Reached *** piety under Okawaru
  4235 | D:6      | Found a deep blue altar of Sif Muna.
  4530 | D:7      | Reached skill level 8 in Axes
  4595 | D:7      | Noticed Prince Ribbit
  4792 | D:6      | Reached skill level 5 in Armour
  4812 | D:7      | Killed Prince Ribbit
  4812 | D:7      | Reached skill level 5 in Fighting
  4829 | D:7      | Found a shadowy altar of Dithmenos.
  4917 | D:7      | Reached **** piety under Okawaru
  4917 | D:7      | Reached XP level 10. HP: 40/51 MP: 8/11
  5324 | D:7      | Reached skill level 9 in Axes
  5624 | D:8      | Killed Pikel
  5669 | D:8      | Noticed a two-headed ogre
  5675 | D:8      | Killed a two-headed ogre
  5675 | D:8      | Reached ***** piety under Okawaru
  5770 | D:8      | Found a glowing silver altar of Zin.
  5825 | D:8      | Reached skill level 1 in Stealth
  5993 | D:9      | Reached skill level 10 in Axes
  6008 | D:9      | Found a white marble altar of Elyvilon.
  6023 | D:9      | Found a sacrificial altar of Ru.
  6147 | D:9      | Reached skill level 1 in Invocations
  6173 | D:9      | Reached XP level 11. HP: 55/56 MP: 9/12
  6232 | D:9      | Identified the +7 hand axe of Exchange {chop, rF+}
  6239 | D:9      | Paralysed by a hornet for 3 turns
  6377 | D:9      | You fall through a shaft for 2 floors!
  6382 | D:11     | Noticed a manticore
  6393 | D:11     | Killed a manticore
  6393 | D:11     | Received a gift from Okawaru
  6480 | D:11     | Noticed Urug
  6502 | D:11     | Killed Urug
  6511 | D:11     | Found Jokin's Food Shop.
  6590 | D:11     | Found a staircase to the Orcish Mines.
  6663 | D:11     | You fall through a shaft!
  6663 | D:12     | Noticed a two-headed ogre
  6668 | D:12     | Killed a two-headed ogre
  6746 | D:12     | Noticed a five-headed hydra
  6757 | D:12     | Killed a five-headed hydra
  6852 | D:12     | Noticed a white ugly thing
  6858 | D:12     | Noticed a green ugly thing
  6866 | D:12     | Killed a white ugly thing
  6866 | D:12     | Reached skill level 11 in Axes
  6931 | D:12     | Killed a green ugly thing
  7114 | D:12     | Noticed a manticore
  7122 | D:12     | Slain by a manticore

Skill      XL: |  1  2  3  4  5  6  7  8  9 10 11 |
---------------+----------------------------------+-----
Shields        | 3 4 5 6 7 8 |  8.2
Fighting       | 3 4 5 6 |  6.7
Axes           | 2 3 4 6 7 8 10 11 | 11.1
Armour         | 3 4 5 6 |  6.7
Dodging        | 1 2 3 4 |  4.2
Stealth        | 1 |  1.0
Invocations    | 1 |  1.8
Maces & Flails | |  0.8
Evocations     | |  0.1

Action                   |  1- 3 |  4- 6 |  7- 9 | 10-12 || total
-------------------------+-------+-------+-------+-------++-------
Melee: War axe           |    73 |   173 |   304 |   185 ||   735
       Bite              |    20 |    55 |    90 |   106 ||   271
       Hand axe          |       |       |       |   129 ||   129
       Whip              |       |       |       |    25 ||    25
Invok: Heroism           |       |       |     2 |    14 ||    16
Evoke: Wand              |       |       |     1 |       ||     1
  Use: Scroll            |     3 |     1 |     1 |    10 ||    15
       Potion            |       |       |     1 |     1 ||     2
  Eat: Chunk             |       |     4 |     7 |     9 ||    20
       Ration            |       |       |     1 |       ||     1
Armor: Scale mail        |    38 |    90 |   177 |   129 ||   434
       Skin              |       |       |    36 |       ||    36
Dodge: Dodged            |    21 |    44 |   106 |   112 ||   283
Block: Shield            |    46 |   102 |   175 |   181 ||   504
